 Dungeon Crawl Stone Soup version 0.18.1-50-g88ac8fd (webtiles) character file.

250 Nordron the Firebug (level 6, -3/33 HPs)
             Began as a Gargoyle Fire Elementalist on Sept 23, 2016.
             Slain by Rexou's ghost (5 damage)
             ... on level 3 of the Dungeon.
             The game lasted 00:16:11 (1773 turns).

Nordron the Firebug (Gargoyle Fire Elementalist)    Turns: 1773, Time: 00:16:12

Health: -3/33      AC:  9    Str: 11    XL:     6   Next: 13%
Magic:  0/10       EV: 11    Int: 18    God:
Gold:   79         SH:  0    Dex: 10    Spells: 3 memorised, 3 levels left

rFire  . . .     SeeInvis .     e - +1 dagger (speed)
rCold  . . .     Gourm    .     q - +0 leather armour
rNeg   + . .     Faith    .     (no shield)
rPois  ∞         Spirit   .     (no helmet)
rElec  +         Dismiss  .     (no cloak)
rCorr  +         Reflect  .     r - +0 pair of gloves
SustAt .         Harm     .     i - +0 pair of boots
MR     .....                    (no amulet)
Stlth  ++........               (no ring)
                                j - ring of resist corrosion

@: slowed, very slow, not resistant to hostile enchantments, unstealthy
A: negative energy resistance 1, electricity resistance, unbreathing,
petrification resistance, rot immunity, AC +4
a: no special abilities


You were on level 3 of the Dungeon.
You were hungry.

You visited 1 branch of the dungeon, and saw 3 of its levels.

You collected 79 gold pieces.

Inventory:

Hand Weapons
 e - a +1 dagger of speed (weapon)
 f - a +0 scythe of freezing
Armour
 a - a +0 robe
 i - a +0 pair of boots (worn)
 q - a +0 leather armour (worn)
 r - a +0 pair of gloves (worn)
Jewellery
 j - a ring of resist corrosion (left hand)
Scrolls
 d - 2 scrolls of identify
 h - 2 scrolls of fear
 k - 2 scrolls of enchant weapon {unknown}
 l - a scroll of immolation {unknown}
 n - a scroll of recharging {unknown}
 o - a scroll of random uselessness {unknown}
 s - a scroll of amnesia {unknown}
Potions
 p - a potion of invisibility {unknown}
 t - a potion of lignification {unknown}
Books
 b - a book of Flames

   Spells                             Type                      Level
   a - Flame Tongue                   Conjuration/Fire             1
   b - Throw Flame                    Conjuration/Fire             2
   c - Conjure Flame                  Conjuration/Fire             3
   d - Inner Flame                    Hexes/Fire                   3
   e - Sticky Flame                   Conjuration/Fire             4
   f - Fireball                       Conjuration/Fire             5
Comestibles
 c - 3 bread rations
 m - 2 fruits


   Skills:
 + Level 0.4 Fighting
 + Level 0.4 Armour
 - Level 1.5 Dodging
 - Level 2.1 Stealth
 + Level 3.2 Spellcasting
 + Level 2.5 Conjurations
 * Level 5.4 Fire Magic


You had 3 spell levels left.
You knew the following spells:

 Your Spells              Type           Power        Failure   Level  Hunger
a - Flame Tongue          Conj/Fire      ###..        4%          1    None
b - Conjure Flame         Conj/Fire      ###.....     14%         3    ###....
c - Sticky Flame          Conj/Fire      ###.....     45%         4    ####...


Dungeon Overview and Level Annotations

Branches:
Dungeon (3/15)

Altars:
Sif Muna
Zin

Annotations:
D:3 Rexou's ghost, amateur HEAM


Innate Abilities, Weirdness & Mutations

You are resistant to torment.
Your stone body is resilient (AC +4).
You are immune to poison.
You resist negative energy.
You are resistant to electric shocks.
You can survive without breathing.
You are immune to petrification.
You are immune to rotting.


Message History

Rexou's ghost points at you and mumbles some strange words.
You feel as though you will be slow longer.
You hit Rexou's ghost.
Rexou's ghost is almost destroyed.
Rexou's ghost hits you.
* * * LOW HITPOINT WARNING * * *
You completely miss Rexou's ghost.
Rexou's ghost is almost destroyed.
Rexou's ghost gestures at you while chanting.
You feel as though you will be slow longer.
Casting: Flame Tongue
Confirm with . or Enter, or press ? or * to list all spells.
Aiming: Flame Tongue
Press: ? - help, Shift-Dir - straight line, f/p - Rexou's ghost
Aim: Rexou's ghost (almost destroyed)
The flame tongue hits Rexou's ghost.
Rexou's ghost appears unharmed.
Rexou's ghost is almost destroyed.
Rexou's ghost hits you but does no damage.
Rexou's ghost hits you.
You die...

..# #.# ... . #.##.....
... ..... #.# ... .
#####.##.# ...
#..#######........##....
#......<.......##.......
#.########.>...W@......#
#.#######.†.... #.#
...## ..# #... ##.# ##
#.# .#


You could see Rexou's ghost.

Vanquished Creatures
  Sigmund (D:2)
  5 adders (D:2)
  An ooze (D:1)
  A worm (D:2)
  2 dart slugs (D:1)
  3 giant geckos
  2 giant cockroaches
  6 goblins
  5 hobgoblins
  6 jackals (D:1)
  8 kobolds
  6 bats
  4 giant newts (D:2)
  3 rats (D:1)
53 creatures vanquished.

Notes
Turn   | Place    | Note
--------------------------------------------------------------
     0 | D:1      | Nordron the Gargoyle Fire Elementalist began the quest for the Orb.
     0 | D:1      | Reached XP level 1. HP: 10/10 MP: 3/3
    58 | D:1      | Reached XP level 2. HP: 13/15 MP: 1/5
   237 | D:1      | Reached skill level 4 in Fire Magic
   250 | D:1      | Reached XP level 3. HP: 16/19 MP: 1/6
   627 | D:2      | Learned a level 3 spell: Conjure Flame
   728 | D:2      | Reached XP level 4. HP: 20/24 MP: 4/7
   943 | D:2      | Noticed Sigmund
   963 | D:2      | Killed Sigmund
   963 | D:2      | Reached skill level 5 in Fire Magic
   963 | D:2      | Reached XP level 5. HP: 10/28 MP: 1/9
  1367 | D:2      | Found a deep blue altar of Sif Muna.
  1392 | D:2      | Reached XP level 6. HP: 33/33 MP: 6/10
  1427 | D:2      | Found a glowing silver altar of Zin.
  1729 | D:3      | Learned a level 4 spell: Sticky Flame
  1737 | D:3      | Noticed Rexou's ghost (amateur HEAM)
  1773 | D:3      | Slain by Rexou's ghost

Skill      XL: |  1  2  3  4 |
---------------+-------------+-----
Fire Magic     | 4 5 |  5.4
Spellcasting   | 3 |  3.2
Conjurations   | 2 |  2.5
Fighting       | |  0.4
Armour         | |  0.4
Dodging        | |  1.5
Stealth        | |  2.1

Action                   |  1- 3 |  4- 6 || total
-------------------------+-------+-------++-------
Melee: Unarmed           |    31 |       ||    31
       Dagger            |    30 |    15 ||    45
 Cast: Flame Tongue      |    49 |    51 ||   100
  Use: Scroll            |     1 |     2 ||     3
  Eat: Chunk             |       |     3 ||     3
Armor: Robe              |    29 |       ||    29
       Leather armour    |       |    15 ||    15
Dodge: Dodged            |    62 |    17 ||    79
